 Dungeon Crawl Stone Soup version 0.17-a0-1368-g6ab37f2 (webtiles) character file.

2422 bal the Whirler (level 9, -3/54 HPs)
             Began as a Halfling Hunter on June 12, 2015.
             Was a Believer of Qazlal.
             Slain by a wasp zombie (8 damage)
             ... on level 7 of the Dungeon.
             The game lasted 00:42:10 (6131 turns).

bal the Whirler (Halfling Hunter)                   Turns: 6131, Time: 00:42:11

Health: -3/54      AC:  9    Str: 13    XL:     9   Next: 76%
Magic:  9/9        EV: 13    Int: 10    God:    Qazlal [**....]
Gold:   410        SH:  3    Dex: 17    Spells: 0 memorised, 8 levels left

rFire  . . .     SeeInvis .     b - +0 hand axe (venom)
rCold  . . .     Clarity  .     m - +0 scale mail
rNeg   . . .     SustAt   .     (shield restricted)
rPois  .         Gourm    .     (no helmet)
rElec  .         Spirit   .     t - +0 cloak
rCorr  .         Warding  .     G - +0 pair of gloves
rMut   .         Stasis   .     (no boots)
MR     +....                    (no amulet)
Stlth  +.........               (no ring)
                                (no ring)

@: somewhat resistant to hostile enchantments, very unstealthy
A: magic resistance 1, mutation resistance 1
a: Upheaval, Renounce Religion


You were on level 7 of the Dungeon.
You worshipped Qazlal.
Qazlal was pleased with you.
You were not hungry.

You visited 2 branches of the dungeon, and saw 8 of its levels.

You collected 410 gold pieces.

Inventory:

Hand weapons
 a - a +1 hunting sling of freezing
 b - a +0 hand axe of venom (weapon)
 c - a +0 short sword
Missiles
 h - 152 bolts
 i - 219 stones (quivered)
 q - 4 silver tomahawks
 E - 20 poisoned arrows
Armour
 d - a +0 leather armour
 k - a +0 pair of gloves
 m - a +0 scale mail (worn)
 t - a +0 cloak (worn)
 G - a +0 pair of gloves (worn)
Jewellery
 r - an uncursed ring of fire
 s - an uncursed amulet of resist corrosion
Magical devices
 g - a wand of cold (0)
 y - a wand of lightning (0)
Scrolls
 j - 3 scrolls of identify
 p - 2 scrolls of remove curse
 u - a scroll of fear
Potions
 f - 2 potions of curing
 l - a potion of cancellation
Books
 o - a book of Spatial Translocations

   Spells                             Type                      Level
   a - Apportation                    Translocation                1
   b - Blink                          Translocation                2
   c - Shroud of Golubria             Charms/Translocation         2
   d - Portal Projectile              Translocation                3
   e - Teleport Other                 Translocation                3
   f - Passage of Golubria            Translocation                4
 w - a book of Power

   Spells                             Type                      Level
   a - Fulminant Prism                Conjuration/Hexes            4
   b - Iskenderun's Mystic Blast      Conjuration                  4
   c - Venom Bolt                     Conjuration/Poison           5
   d - Bolt of Magma                  Conjuration/Fire/Earth       5
   e - Iron Shot                      Conjuration/Earth            6
   f - Orb of Destruction             Conjuration                  7
   g - Spellforged Servitor           Conjuration/Summoning        7
Comestibles
 e - 6 bread rations
 n - 2 beef jerkies
 A - 2 slices of pizza
 B - a royal jelly
 F - a meat ration


   Skills:
 + Level 2.1 Fighting
 + Level 1.5 Axes
 + Level 15.2(15.3) Slings
 + Level 2.3(9.7) Throwing
 + Level 4.1 Armour
 + Level 3.8 Dodging
 + Level 2.3 Stealth
 + Level 1.2 Evocations


You had 8 spell levels left.
You didn't know any spells.

Dungeon Overview and Level Annotations

Branches:
Dungeon (7/15)             Temple (1/1) D:4

Altars:
Ashenzari
Cheibriados
Elyvilon
Fedhas
Gozag
Makhleb
Nemelex Xobeh
Okawaru
Qazlal
Ru
Sif Muna
Trog
Vehumet
Xom
Yredelemnul
Zin
The Shining One


Innate Abilities, Weirdness & Mutations

You are small and have problems with some larger weapons.
You are somewhat resistant to further mutation.
You are resistant to hostile enchantments.


Message History

You barely miss the wasp zombie. The wasp zombie hits you.
The wasp zombie hits you but does no damage.
You hit the wasp zombie. The wasp zombie misses you.
You barely miss the wasp zombie. The wasp zombie hits you!
* * * LOW HITPOINT WARNING * * *
The wasp zombie closely misses you.
You hit the wasp zombie but do no damage.
The wasp zombie hits you but does no damage.
The wasp zombie misses you.
You hit the wasp zombie but do no damage.
The wasp zombie hits you!
* * * LOW HITPOINT WARNING * * *
You hit the wasp zombie. The wasp zombie closely misses you.
The wasp zombie barely misses you.
You hit the wasp zombie but do no damage.
The wasp zombie closely misses you.
Your scale mail prevents you from hitting the wasp zombie.
The wasp zombie hits you but does no damage.
The wasp zombie hits you!
You die...

# #. #.# #..# ...
#.##
.#####..##########(
..........(@Z(((()(
######.########.#.
.##.....##
...........#
...........#
....[.####.##
...... #..# ######
##.## #. #..#
#.####


You could see a wasp zombie.

Vanquished Creatures
  The ghost of WhatIsLove the Grasshopper, an average CeWr (D:5)
  3 ice beasts
  A water moccasin (D:6)
  2 phantoms (D:6)
  An orc warrior (D:6)
  3 ogres
  2 centaurs
  2 giant frogs (D:6)
  3 crimson imps (D:6)
  The ghost of Charly the Stinger, a weakling DEVM (D:3)
  4 orc wizards
  A centaur skeleton (D:4)
  A giant frog skeleton (D:4)
  3 orc priests
  3 hounds
  A jelly (D:5)
  2 iguanas (D:4)
  Terence (D:2)
  6 worker ants
  A hound skeleton (D:5)
  6 adders
  8 gnolls
  2 shadow imps
  An adder skeleton (D:5)
  2 worms
  5 giant geckos
  21 orcs
  2 ball pythons (D:1)
  8 bats
  A bat skeleton (D:4)
  5 giant cockroaches
  8 goblins
  9 hobgoblins
  4 quokkas
  A giant gecko zombie (D:6)
  5 giant newts
  11 jackals
  A jackal skeleton (D:6)
  9 kobolds
  10 rats
161 creatures vanquished.

Notes
Turn   | Place    | Note
--------------------------------------------------------------
     0 | D:1      | bal the Halfling Hunter began the quest for the Orb.
     0 | D:1      | Reached XP level 1. HP: 14/14 MP: 1/1
    22 | D:1      | Reached skill level 6 in Slings
    72 | D:1      | Reached XP level 2. HP: 19/19 MP: 2/2
   383 | D:1      | Reached skill level 7 in Slings
   383 | D:1      | Reached XP level 3. HP: 24/24 MP: 3/3
   583 | D:2      | Found a deep blue altar of Sif Muna.
   929 | D:2      | Reached XP level 4. HP: 29/29 MP: 4/4
  1309 | D:2      | Noticed Terence
  1328 | D:2      | Killed Terence
  1328 | D:2      | Reached skill level 8 in Slings
  1593 | D:3      | Reached XP level 5. HP: 34/34 MP: 5/5
  1666 | D:3      | Noticed Charly's ghost (weakling DEVM)
  1680 | D:3      | Killed Charly's ghost
  1685 | D:3      | Reached skill level 1 in Armour
  1834 | D:3      | Reached skill level 9 in Slings
  2090 | D:3      | Found a glowing silver altar of Zin.
  2093 | D:3      | Found a white marble altar of Elyvilon.
  2107 | D:3      | Found a sparkling altar of Nemelex Xobeh.
  2180 | D:4      | Reached XP level 6. HP: 36/39 MP: 6/6
  2382 | D:4      | Reached skill level 10 in Slings
  2465 | D:4      | Found a staircase to the Ecumenical Temple.
  2477 | Temple   | Entered the Ecumenical Temple
  2572 | Temple   | Became a worshipper of Qazlal Stormbringer
  2792 | D:4      | Reached XP level 7. HP: 38/44 MP: 7/7
  2829 | D:4      | Noticed an ogre
  2838 | D:4      | Killed an ogre
  2838 | D:4      | Reached skill level 11 in Slings
  2948 | D:4      | Found a bloodstained altar of Trog.
  2991 | D:4      | Gained mutation: You are resistant to hostile enchantments. [potion of mutation]
  3310 | D:5      | Entered Level 5 of the Dungeon
  3556 | D:5      | Acquired Qazlal's first power
  3777 | D:5      | Reached skill level 12 in Slings
  3777 | D:5      | Reached XP level 8. HP: 14/50 MP: 8/8
  3796 | D:5      | Noticed WhatIsLove's ghost (average CeWr)
  3936 | D:5      | Killed WhatIsLove's ghost
  3936 | D:5      | Reached skill level 13 in Slings
  3936 | D:5      | Reached skill level 1 in Evocations
  4116 | D:5      | Found an iron altar of Okawaru.
  4117 | D:5      | Found an opulent altar of Gozag.
  4723 | D:6      | Reached skill level 14 in Slings
  4723 | D:6      | Reached XP level 9. HP: 38/54 MP: 9/9
  4801 | D:6      | Reached skill level 1 in Throwing
  4819 | D:6      | Found a shattered altar of Ashenzari.
  4835 | D:6      | Found a radiant altar of Vehumet.
  4860 | D:6      | Acquired Qazlal's second power
  4860 | D:6      | Reached skill level 1 in Axes
  5079 | D:6      | Identified a scroll of acquirement
  5996 | D:7      | Reached skill level 15 in Slings
  6131 | D:7      | Slain by a wasp zombie

Vault maps used:
D:1:      dpeg_arrival_tiny_i, glass_columns_a
D:2:      led_sif_pool, uniq_terence
D:3:      grunt_temple_overflow_diamond, mrwooster_statue_mirror
D:4:      lightli_temple_of_fire, minmay_temple_entry_statues_pillars,
          first_bread
D:5:      minitemple
D:6:      vehumet_crystals, lemuel_crystal_altar
D:7:      grunt_livestock, kennysheep_generic_room_14
Temple:   minmay_temple_bridge_d_8

Action                   |  1- 3 |  4- 6 |  7- 9 || total
-------------------------+-------+-------+-------++-------
Melee: Hand axe          |       |       |   119 ||   119
 Fire: Hunting sling     |    54 |   175 |   337 ||   566
Throw: Stone             |       |       |    48 ||    48
Evoke: Wand              |       |       |     8 ||     8
  Use: Scroll            |       |       |    15 ||    15
       Potion            |       |       |    13 ||    13
  Eat: Bread ration      |       |     1 |     3 ||     4
       Chunk             |       |     1 |       ||     1
